 Dungeon Crawl Stone Soup version 0.31-a0-18-gea43df2a32 (webtiles) character file.

Game seed: 6840495881141530337

20210 IdlyInterested the Warrior (level 12, -8/148 HPs)
             Began as a Demonspawn Wanderer on May 9, 2023.
             Was a High Priest of Jiyva.
             Mangled by a skeletal warrior
             ... wielding a +0 glaive
              (17 damage)
             ... on level 13 of the Dungeon.
             The game lasted 00:57:18 (12731 turns).

IdlyInterested the Warrior (Demonspawn Wanderer)   Turns: 12731, Time: 00:57:18

Health: -8/148     AC: 12    Str: 17    XL:     12   Next: 43%
Magic:  0/20       EV: 13    Int: 13    God:    Jiyva [*****.]
Gold:   253        SH: 11    Dex: 14    Spells: 24/24 levels left

rFire   + . .        M - +3 whip (flame)
rCold   + + +        W - +1 buckler
rNeg    . . .        F - +1 steam dragon scales
rPois   +            (helmet restricted)
rElec   .            a - +0 cloak {Will+}
rCorr   +            k - +0 pair of gloves
SInv    .            (boots unavailable)
Will    ++...        y - amulet of reflection
Stlth   ++           q - ring of protection from cold
HPRegen 1.88/turn    S - ring of protection from fire
MPRegen 0.79/turn

%: reflection, guardian spirit
@: on berserk cooldown, slowed, very slow
A: hooves 3, thin metallic scales 2, ignite blood 1, magic shield, magic
regeneration, demonic willpower, horns 1, cold resistance 3, low MP 1, poison
resistance, robust 3, evolution 1, engulf
a: Renounce Religion, Oozemancy, Slimify


You were on level 13 of the Dungeon.
You worshipped Jiyva.
Jiyva was extremely pleased with you.
You visited 2 branches of the dungeon, and saw 14 of its levels.
You also visited: Sewer.

You collected 607 gold pieces.
You spent 354 gold pieces at shops.

Inventory:

Hand Weapons
 c - a +0 vampiric trident
 M - a +3 whip of flaming (weapon)
 X - a +0 morningstar
Missiles
 d - 97 stones (quivered)
 f - 2 javelins
 t - 45 poisoned darts
 C - 6 boomerangs
 G - 6 curare-tipped darts
Armour
 a - a +0 cloak of willpower (worn)
 k - a +0 pair of gloves (worn)
 p - a +1 leather armour of poison resistance
 F - +1 steam dragon scales (worn)
 W - a +1 buckler (worn)
Magical Staves
 r - a staff of conjuration
Jewellery
 j - a ring of fire
 o - a ring of ice
 q - a ring of protection from cold (left hand)
 u - a ring of resist corrosion
 y - an amulet of reflection (around neck)
 B - an amulet of magic regeneration
 S - a ring of protection from fire (right hand)
 T - a +6 ring of dexterity
Wands
 J - a wand of charming (16)
 K - a wand of flame (14)
 U - a wand of mindburst (19)
Scrolls
 b - 8 scrolls of teleportation
 g - 2 scrolls of poison
 h - a scroll of enchant weapon
 l - a scroll of acquirement {unknown}
 m - 2 scrolls of torment
 s - a scroll of silence {unknown}
 w - a scroll of magic mapping
 z - 4 scrolls of amnesia
 H - 2 scrolls of immolation
 I - 4 scrolls of fear
 L - a scroll of brand weapon {unknown}
 N - 2 scrolls of vulnerability {unknown}
 P - a scroll of blinking {unknown}
 R - a scroll of noise {unknown}
 V - a scroll of summoning
Potions
 e - a potion of might
 i - a potion of curing
 n - 2 potions of cancellation
 x - a potion of resistance
 A - 2 potions of magic
 D - 4 potions of attraction
 E - a potion of lignification
 O - 2 potions of haste
 Q - a potion of ambrosia {unknown}
 Z - a potion of brilliance {unknown}


   Skills:
 * Level 17.4 Fighting
 - Level 0.6(2.0) Axes
 - Level 2.0(2.1) Maces & Flails
 - Level 2.0(2.1) Polearms
 - Level 0.6(2.0) Staves
 - Level 2.0 Throwing
 - Level 4.0 Armour
 - Level 4.0 Dodging
 - Level 2.0 Stealth
 - Level 4.0 Shields
 + Level 6.9 Spellcasting
 - Level 2.0 Evocations


You had 24 spell levels left.
You didn't know any spells.
Your spell library contained the following spells:

 Spells                   Type           Power      Damage    Failure   Level
 Apportation              Tloc           8%         N/A       21%         1
 Beastly Appendage        Tmut           8%         N/A       21%         1
 Sandblast                Erth           8%         2d5       21%         1
 Slow                     Hex            16%        N/A       21%         1
 Ensorcelled Hibernation  Hex/Ice        8%         N/A       30%         2
 Sublimation of Blood     Necr           4%         N/A       30%         2
 Confusing Touch          Hex            4%         N/A       52%         3
 Inner Flame              Hex/Fire       4%         N/A       52%         3
 Spider Form              Tmut/Pois      4%         N/A       52%         3
 Stone Arrow              Conj/Erth      8%         3d7       52%         3
 Vampiric Draining        Necr           4%         2d6       52%         3
 Vhi's Electric Charge    Tloc/Air       8%         N/A       52%         3
 Anguish                  Hex/Necr       2%         N/A       89%         4
 Animate Armour           Summ/Erth      8%         N/A       89%         4
 Alistair's Intoxication  Tmut/Pois      2%         N/A       99%         5
 Arcjolt                  Conj/Air       2%         1d12      99%         5
 Lehudib's Crystal Spear  Conj/Erth      2%         10d2      100%        8
 Maxwell's Capacitive Co  Air            2%         ∞         100%        8


Dungeon Overview and Level Annotations

Branches:
Dungeon (13/15)            Temple (1/1) D:7            Lair (0/5) D:9
    Orc (0/2) D:10          Sewer (visited)
 Vaults: D:13-14

Altars:
Ashenzari
Cheibriados
Dithmenos
Fedhas
Gozag
Hepliaklqana
Kikubaaqudgha
Makhleb
Nemelex Xobeh
Okawaru
Qazlal
Ru
Sif Muna
Trog
Uskayaw
Vehumet
Wu Jian
Xom
Yredelemnul

Shops:
D:1 *   D:11 ((=[(


Innate Abilities, Weirdness & Mutations

You have hooves in place of feet.
You are mostly covered in thin metallic scales. (AC +3)
Your demonic aura sometimes causes spilled blood to erupt in flames.
When hurt, damage is shared between your health and your magic reserves.
You regenerate magic rapidly.
You punish those that try to bend your will. (Will+)
You have a pair of small horns on your head.
Your flesh is almost immune to the effects of cold. (rC+++)
Your magical capacity is low. (-10% MP)
Your system is resistant to poisons. (rPois)
You are extremely robust. (+30% HP)
You have hidden genetic potential.
Your melee attacks may engulf your foes in ooze.


Message History

You block the skeletal warrior's attack.
You hit the skeletal warrior. You burn the skeletal warrior.
You kick the skeletal warrior!
Your headbutt misses the skeletal warrior.
The skeletal warrior is severely damaged.
The skeletal warrior hits you with a +0 glaive.
* * * LOW HITPOINT WARNING * * *
You hit the skeletal warrior. You burn the skeletal warrior.
Your kick misses the skeletal warrior.
Your headbutt misses the skeletal warrior.
The skeletal warrior is almost destroyed.
You hit the skeletal warrior but do no damage.
You kick the skeletal warrior!
The skeletal warrior is almost destroyed.
You block the skeletal warrior's attack.
You hit the skeletal warrior but do no damage.
The skeletal warrior is almost destroyed.
You are no longer berserk.
You are exhausted.
You feel yourself slow down. The skeletal warrior barely misses you.
You closely miss the skeletal warrior. Your kick misses the skeletal warrior.
You headbutt the skeletal warrior.
The skeletal warrior is almost destroyed.
The skeletal warrior hits you with a +0 glaive.
* * * LOW HITPOINT WARNING * * *
You hit the skeletal warrior but do no damage.
Your kick misses the skeletal warrior.
The skeletal warrior is almost destroyed.
The skeletal warrior hits you with a +0 glaive!
* * * LOW HITPOINT WARNING * * *
The skeletal warrior barely misses you.
You closely miss the skeletal warrior.
You kick the skeletal warrior, but do no damage.
The skeletal warrior is almost destroyed.
The skeletal warrior completely misses you.
You hit the skeletal warrior but do no damage.
You headbutt the skeletal warrior.
The skeletal warrior is almost destroyed.
The skeletal warrior hits you with a +0 glaive!!
You die...

################################
#.............................§§
#.##..#..#......#...#...#..#<.#§
#.............................§§
#...#############'#...........§§
#...# +...zzz@..#.#..#.......#
#...## #.##.####.#.............
#....# #.####.####'#######+#
#..#.# #...##...##....# #
#....#########'##.######### #
#..........)....#.#
#.##...#..#..##z#.#
#..............z#+#...
#..........z...........


You could see 3 skeletal warriors.

Vanquished Creatures
  2 two-headed ogres (D:8)
  2 centaur warriors (D:11)
  2 boulder beetles
  A sixfirhy (D:10)
  2 skeletal warriors (D:13)
  2 deep elf pyromancers (D:12)
  A cyclops (D:9)
  The ghost of BleedingAnus the Covered, a novice AtFi (D:6)
  Maurice (D:12)
  2 gargoyles
  2 kobold demonologists
  2 unseen horrors
  A freezing wraith (D:12)
  A tengu conjurer (D:12)
  5 trolls
  Prince Ribbit (D:6)
  Grinder (D:4)
  3 shadows
  A wraith (D:12)
  A vampire (D:10)
  25 yaks
  2 steam dragons
  6 vampire mosquitoes
  2 sky beasts
  5 orc warriors
  A black bear (D:5)
  An ice beast (D:8)
  2 ogres (D:5)
  2 phantoms
  5 centaurs
  8 kobold brigands
  5 bullfrogs
  3 scorpions
  A gnoll sergeant (D:12)
  3 wights (D:8)
  A troll zombie (D:10)
  8 killer bees
  2 hounds
  5 jellies
  Crazy Yiuf (D:7)
  8 orc priests
  3 iguanas
  A sleepcap (D:5)
  10 orc wizards
  6 ogre zombies (D:10)
  11 gnolls
  2 river rats (Sewer)
  8 adders
  2 shadow imps
  An ufetubus (D:6)
  4 worms
  39 orcs
  6 bats
  10 endoplasms
  6 giant cockroaches
  6 goblins
  8 hobgoblins
  6 jackals
  33 kobolds
  4 quokkas
  15 ball pythons
  4 frilled lizards
  3 goblin skeletons (D:10)
  3 goblin zombies (D:10)
  2 hobgoblin skeletons (D:10)
  5 hobgoblin zombies (D:10)
  9 orc zombies (D:10)
  3 rats (Sewer)
340 creatures vanquished.

Vanquished Creatures (collateral kills)
  An orc priest (D:8)
  An orc (D:8)
2 creatures vanquished.

Vanquished Creatures (others)
  A death knight (D:12)
  A slime creature (D:12)
  2 shadows
  A phantom (D:10)
  A bullfrog (D:8)
  3 killer bees
  24 jellies
  An orc priest (D:11)
  An iguana (D:6)
  2 orc wizards
  An ogre zombie (D:10)
  A gnoll (D:12)
  6 orcs
  A hobgoblin skeleton (D:10)
  2 orc zombies (D:10)
  A butterfly (D:7)
49 creatures vanquished.

Grand Total: 391 creatures vanquished

Notes
Turn   | Place    | Note
-------+----------+-------------------------------------------
     0 | D:1      | IdlyInterested the Demonspawn Wanderer began the quest for
                  | the Orb.
     0 | D:1      | IdlyInterested set off with the following items: a +1 mace,
                  | a scroll of teleportation, a +0 leather armour; and the
                  | following spells available to memorise: Beastly Appendage,
                  | Sandblast, Sublimation of Blood, Inner Flame.
     0 | D:1      | Reached XP level 1. HP: 19/19 MP: 4/4
   373 | D:1      | Found Favytt's Assorted Antiques.
   392 | D:1      | Gained mutation: You are partially covered in thin metallic
                  | scales. (AC +2) [demonic ancestry]
   392 | D:1      | Reached XP level 2. HP: 23/26 MP: 6/6
   403 | D:1      | Reached skill level 1 in Dodging
   794 | D:1      | Gained mutation: You regenerate magic rapidly. [demonic
                  | ancestry]
   794 | D:1      | Reached XP level 3. HP: 31/31 MP: 7/7
   999 | D:1      | Bought a sedimented coppery potion for 18 gold pieces
  1238 | D:1      | Bought a murky brown potion for 18 gold pieces
  1238 | D:1      | Bought a bubbling blue potion for 18 gold pieces
  1595 | D:2      | Reached skill level 1 in Stealth
  1737 | D:2      | Found a faded altar of an unknown god.
  2037 | D:3      | Reached skill level 5 in Fighting
  2219 | D:3      | Found a hide-covered altar of Uskayaw.
  2226 | D:3      | Found a shimmering altar of Xom.
  2546 | D:3      | Gained mutation: You have large cloven feet. [demonic
                  | ancestry]
  2546 | D:3      | Reached XP level 4. HP: 24/39 MP: 8/8
  3153 | D:4      | Reached skill level 1 in Throwing
  3343 | D:4      | Noticed a scorpion
  3378 | D:4      | Killed a scorpion
  3379 | D:4      | Reached skill level 6 in Fighting
  3379 | D:4      | Reached skill level 1 in Evocations
  3379 | D:4      | Reached XP level 5. HP: 10/46 MP: 9/9
  3499 | D:4      | Found a shimmering blue altar of Sif Muna.
  3629 | D:4      | Reached skill level 1 in Shields
  3629 | D:4      | Gained mutation: You are mostly covered in thin metallic
                  | scales. (AC +3) [demonic ancestry]
  3629 | D:4      | Reached XP level 6. HP: 53/53 MP: 10/10
  3665 | D:4      | Noticed Grinder
  3667 | D:4      | Paralysed by Grinder for 4 turns
  3679 | D:4      | Paralysed by Grinder for 2 turns
  3682 | D:4      | Killed Grinder
  3683 | D:4      | Reached skill level 7 in Fighting
  3868 | D:5      | Entered Level 5 of the Dungeon
  3948 | D:5      | Gained mutation: Your demonic aura sometimes causes spilled
                  | blood to erupt in flames. [demonic ancestry]
  3948 | D:5      | Reached XP level 7. HP: 53/60 MP: 11/11
  4073 | D:5      | Reached skill level 8 in Fighting
  4807 | D:5      | Reached XP level 8. HP: 56/70 MP: 11/13
  4909 | D:6      | Reached skill level 9 in Fighting
  5103 | D:6      | Noticed Prince Ribbit
  5141 | D:6      | Killed Prince Ribbit
  5142 | D:6      | Found a glowing drain.
  5158 | Sewer    | Entered a sewer
  5300 | Sewer    | Reached skill level 10 in Fighting
  5506 | Sewer    | Found a viscous altar of Jiyva.
  5552 | Sewer    | Became a worshipper of Jiyva Jedisch the Shapeless
  5569 | D:6      | Gained mutation: You are robust. (+10% HP) [potion of
                  | mutation]
  5569 | D:6      | Gained mutation: You sometimes lose your temper in combat.
                  | [potion of mutation]
  5569 | D:6      | Gained mutation: Your magical capacity is low. (-10% MP)
                  | [potion of mutation]
  5569 | D:6      | Gained mutation: Your spells are a little harder to cast,
                  | but a little more powerful. [potion of mutation]
  5836 | D:6      | Reached * piety under Jiyva
  5850 | D:6      | Found a runed translucent door.
  5853 | D:6      | Noticed BleedingAnus's ghost (novice AtFi)
  5872 | D:6      | Found a runed translucent door.
  5905 | D:6      | Killed BleedingAnus's ghost
  5906 | D:6      | Gained mutation: You have hoof-like feet. [demonic
                  | ancestry]
  5906 | D:6      | Reached XP level 9. HP: 54/86 MP: 13/13
  5958 | D:6      | Reached skill level 11 in Fighting
  6192 | D:1      | Bought a blackened golden amulet for 100 gold pieces
  6630 | D:7      | Found a staircase to the Ecumenical Temple.
  6711 | Temple   | Entered the Ecumenical Temple
  6711 | Temple   | Found a transporter.
  6711 | Temple   | Found a transporter.
  6713 | Temple   | Found a transporter.
  6713 | Temple   | Found a transporter.
  6941 | D:7      | Found a runed translucent door.
  6942 | D:7      | Noticed Crazy Yiuf
  6947 | D:7      | Killed Crazy Yiuf
  7056 | D:8      | Reached skill level 12 in Fighting
  7175 | D:8      | Noticed a two-headed ogre
  7186 | D:8      | Killed a two-headed ogre
  7187 | D:8      | Reached skill level 5 in Spellcasting
  7187 | D:8      | Gained mutation: You have hooves in place of feet. [demonic
                  | ancestry]
  7187 | D:8      | Reached XP level 10. HP: 48/100 MP: 14/16
  7245 | D:8      | Reached ** piety under Jiyva
  7366 | D:8      | Noticed a two-headed ogre
  7376 | D:8      | Killed a two-headed ogre
  7377 | D:8      | Reached skill level 13 in Fighting
  7788 | D:9      | Noticed a cyclops
  7808 | D:9      | Killed a cyclops
  7937 | D:9      | Reached skill level 14 in Fighting
  8105 | D:9      | Found a staircase to the Lair.
  8400 | D:9      | Found a bloodstained altar of Trog.
  8640 | D:1      | Bought 2 potions of heal wounds for 200 gold pieces
  8772 | D:10     | Entered Level 10 of the Dungeon
  8780 | D:10     | Reached *** piety under Jiyva
  9020 | D:10     | Lost mutation: You sometimes lose your temper in combat.
                  | [Jiyva's grace]
  9020 | D:10     | Gained mutation: Your melee attacks may engulf your foes in
                  | ooze. [Jiyva's grace]
  9020 | D:10     | Gained mutation: You have a pair of small horns on your
                  | head. [Jiyva's grace]
  9020 | D:10     | Gained mutation: You have a pair of horns on your head.
                  | [Jiyva's grace]
  9020 | D:10     | Gained mutation: You have a pair of large horns on your
                  | head. [Jiyva's grace]
  9021 | D:10     | Lost mutation: You have a pair of large horns on your head.
                  | [potion of mutation]
  9021 | D:10     | Lost mutation: Your spells are a little harder to cast, but
                  | a little more powerful. [potion of mutation]
  9021 | D:10     | Gained mutation: You have hidden genetic potential. [potion
                  | of mutation]
  9021 | D:10     | Gained mutation: Your system is resistant to poisons.
                  | (rPois) [potion of mutation]
  9150 | D:10     | Found a staircase to the Orcish Mines.
  9160 | D:10     | Gained mutation: You punish those that try to bend your
                  | will. (Will+) [demonic ancestry]
  9160 | D:10     | Reached XP level 11. HP: 96/111 MP: 18/18
  9339 | D:10     | Reached **** piety under Jiyva
  9455 | D:10     | Noticed a sixfirhy
  9457 | D:10     | Found a runed translucent door.
  9850 | D:10     | Killed a sixfirhy
  9988 | D:11     | Noticed a centaur warrior
 10003 | D:11     | Killed a centaur warrior
 10004 | D:11     | Reached skill level 15 in Fighting
 10009 | D:11     | Found Zotit's Weapon Boutique.
 10119 | D:11     | Noticed an animated gold dragon scales
 10126 | D:11     | Found Waenween's Armour Emporium.
 10128 | D:11     | Noticed an animated plate armour
 10342 | D:11     | Noticed a centaur warrior
 10351 | D:11     | Killed a centaur warrior
 10352 | D:11     | Reached skill level 1 in Polearms
 10435 | D:11     | Found Eriado's Antique Weapon Emporium.
 10458 | D:11     | Reached ***** piety under Jiyva
 10500 | D:11     | Gained mutation: You are very robust. (+20% HP) [hidden
                  | potential]
 10527 | D:11     | Found Iqouc's Jewellery Boutique.
 10946 | D:11     | Found Jolampua's Antique Weapon Shoppe.
 11274 | D:11     | Noticed a boulder beetle
 11328 | D:11     | Killed a boulder beetle
 11478 | D:12     | Reached skill level 16 in Fighting
 11486 | D:12     | Noticed a boulder beetle
 11488 | D:12     | Noticed a death knight
 11513 | D:12     | Killed a death knight
 11531 | D:12     | Killed a boulder beetle
 11664 | D:12     | Noticed Maurice
 11670 | D:12     | Killed Maurice
 11696 | D:12     | Gained mutation: When hurt, damage is shared between your
                  | health and your magic reserves. [demonic ancestry]
 11696 | D:12     | Reached XP level 12. HP: 65/135 MP: 18/18
 11781 | D:12     | Lost mutation: You have a pair of horns on your head.
                  | [Jiyva's grace]
 11781 | D:12     | Gained mutation: Your flesh is cold resistant. (rC+)
                  | [Jiyva's grace]
 11781 | D:12     | Gained mutation: Your flesh is very cold resistant. (rC++)
                  | [Jiyva's grace]
 11781 | D:12     | Gained mutation: Your flesh is almost immune to the effects
                  | of cold. (rC+++) [Jiyva's grace]
 11781 | D:12     | Gained mutation: You have great hidden genetic potential.
                  | [Jiyva's grace]
 12057 | D:12     | Reached skill level 17 in Fighting
 12720 | D:13     | HP: 2/204 [skeletal warrior/+0 glaive (14)]
 12720 | D:13     | Gained mutation: You are extremely robust. (+30% HP)
                  | [hidden potential]
 12720 | D:13     | Lost mutation: You have great hidden genetic potential.
                  | [hidden potential expressed]
 12728 | D:13     | HP: 7/148 [skeletal warrior/+0 glaive (2)]
 12729 | D:13     | HP: 3/148 [skeletal warrior/+0 glaive (7)]
 12731 | D:13     | Mangled by a skeletal warrior

Illustrated notes

Levels and vault maps discovered:
D:1:      dpeg_arrival_solitude, layout_loops_corners, serial_shops, shop,
          minmay_domino_4
D:2:      layout_loops_cross, shapermc_ecumenical_altar_mp_vishouse
D:3:      layout_loops_corners, mainiacjoe_overflow_catwalk_spiral,
          minmay_increasing_density
D:4:      layout_rooms, led_sif_pool, uniq_grinder
D:5:      layout_loops_cross
D:6:      layout_cave_pools, ebering_ghost_sewer_f,
          cheibrodos_sewer_entry_sluice, uniq_prince_ribbit1
D:7:      layout_rooms, minmay_temple_entry_butterflies, uniq_crazy_yiuf_cottage
D:8:      layout_rooms, lemuel_doored_altar
D:9:      layout_loops_ring, kennysheep_mini_moat, lair_entry_dummy
D:10:     cheibrodos_shockbox, layout_stronghold, zombieorc2_lemuel,
          nicolae_titane
D:11:     layout_layer_cave, serial_shops, shop, nicolae_shop_mannequins, shop,
          shop, shop
D:12:     layout_basic, dreamdust_princess_bridge, lightli_fourway_metalbox,
          uniq_maurice
D:13:     layout_stronghold, david_vaults_1
Temple:   hellmonk_temple_divided_pantheon

Skill      XL: |  1  2  3  4  5  6  7  8  9 10 11 12 |
---------------+-------------------------------------+-----
Dodging        | 1 2 3 4 |  4.0
Stealth        | 1 2 |  2.0
Fighting       | 5 6 7 8 10 12 14 16 17 | 17.4
Throwing       | 1 2 |  2.0
Evocations     | 1 2 |  2.0
Shields        | 1 2 3 4 |  4.0
Armour         | 2 3 4 |  4.0
Spellcasting   | 4 5 6 |  6.9
Polearms       | 2 |  2.0
Maces & Flails | 2 |  2.0
Axes           | |  0.6
Staves         | |  0.6

Action                     |  1- 3 |  4- 6 |  7- 9 | 10-12 || total
---------------------------+-------+-------+-------+-------++-------
  Melee: Mace              |   108 |   116 |    69 |       ||   293
         Kick              |       |    28 |   113 |   276 ||   417
         Punch             |       |     2 |     4 |       ||     6
         Whip              |       |       |   325 |   672 ||   997
         Headbutt          |       |       |       |   126 ||   126
  Throw: Stone             |       |    11 |    17 |     5 ||    33
         Javelin           |       |     2 |       |     2 ||     4
         Dart              |       |       |       |     2 ||     2
  Evoke: Wand              |       |       |     3 |     1 ||     4
    Use: Potion            |     3 |     3 |    11 |     5 ||    22
         Scroll            |     1 |     6 |     5 |     4 ||    16
   Stab: Invisible         |       |       |     2 |       ||     2
         Sleeping          |       |       |     1 |       ||     1
 Armour: Ring mail         |    64 |     1 |       |       ||    65
         Scale mail        |       |    43 |       |       ||    43
         Chain mail        |       |       |   220 |       ||   220
         Steam dragon scal |       |       |    66 |   296 ||   362
  Dodge: Dodged            |    62 |    50 |   259 |   360 ||   731
  Block: Other             |    12 |    22 |    97 |       ||   131
         Buckler           |       |       |    57 |   380 ||   437
         Reflection        |       |       |     2 |     7 ||     9

Table legend: (Time is in decaauts)
 A = Elapsed time spent in this place.
 B = Non-inter-level travel time spent in this place.
 C = Inter-level travel time spent in this place.
 D = Time resting spent in this place.
 E = Time spent auto-exploring this place.
 F = Levels seen in this place.
 G = Mean time per level.
                   A        B        C        D        E       F      G
               +--------+--------+--------+--------+--------+-----+--------+
         Total |  13012 |  11525 |   1487 |    783 |   7171 |  15 |  867.5 |
       Dungeon |  12534 |  11047 |   1487 |    661 |   7039 |  13 |  964.2 |
        Temple |     37 |     37 |      0 |      0 |      0 |   1 |   37.0 |
         Sewer |    439 |    439 |      0 |    122 |    131 |   1 |  439.0 |
               +--------+--------+--------+--------+--------+-----+--------+

Top non-repeatable levels by time:
    D:11: 1484 daAuts
     D:3: 1301 daAuts
    D:10: 1239 daAuts
     D:1: 1210 daAuts
     D:2: 1150 daAuts
     D:5: 1089 daAuts
     D:9: 913 daAuts
    D:12: 897 daAuts
     D:6: 884 daAuts
     D:7: 682 daAuts
     D:4: 658 daAuts
     D:8: 649 daAuts
   Sewer: 439 daAuts
    D:13: 374 daAuts
  Temple: 37 daAuts
